 Dungeon Crawl Stone Soup version bcrawl-1.12.2 (webtiles) character file.

Game seed: 16789217520132613206

11 Ebbett the Ruffian (level 2, 0/29 HPs)
             Began as a Troll Berserker on July 23, 2019.
             Was a Follower of Trog.
             Slain by a gnoll
             ... wielding a +0 halberd
              (5 damage)
             ... on level 2 of the Dungeon.
             The game lasted 00:02:01 (600 turns).

Ebbett the Ruffian (Troll Berserker)                 Turns: 600, Time: 00:02:02

Health: 0/29       AC:  6    Str: 24    XL:     2   Next: 17%
Magic:  1/1        EV: 10    Int:  4    God:    Trog [*.....]
Gold:   76         SH:  0    Dex: 11    Spells: 1/1 levels left

rFire    . . .     SeeInvis .     - Unarmed
rCold    . . .     Gourm    +   (no shield)
rNeg     . . .     Faith    .   (armour unavailable)
rPois    .         Spirit   .   (helmet restricted)
rElec    .         Reflect  .   (no cloak)
rCorr    .         Harm     .   (gloves unavailable)
MR       .....     Clarity  +   (boots unavailable)
Stlth    +.........             d - amulet of regeneration
HPRegen  0.49/turn              (no ring)
MPRegen  0.07/turn              (no ring)

@: no status effects
A: large, almost no armour, unfitting armour, claws 3, iridescent scales 1,
agile 1, clarity, deterioration 1, fast metabolism 3, gourmand, AC +4
a: Berserk, Renounce Religion


You were on level 2 of the Dungeon.
You worshipped Trog.
Trog was aware of your devotion.
You were full.

You visited 1 branch of the dungeon, and saw 2 of its levels.

You collected 76 gold pieces.

Inventory:

Jewellery
 d - an amulet of regeneration (around neck)
Potions
 e - 2 potions of resistance
Comestibles
 a - 2 rations {!d}


   Skills:
 + Level 2.6 Fighting
 + Level 2.6 Dodging
 + Level 3.2 Unarmed Combat


You had one spell level left.
You didn't know any spells.
Your spell library was empty.

Dungeon Overview and Level Annotations

Branches:
Dungeon (1/12)

Altars:


Innate Abilities, Weirdness & Mutations

You cannot wear most types of armour.
Your thick skin is tough. (AC +4)
You are too large for most types of armour.
You have claws for hands.
Your metabolism is lightning-fast.
You like to eat raw meat.
You are partially covered in iridescent scales. (AC +2)
You are agile. (Dex +2)
You possess an exceptional clarity of mind.
Your body sometimes deteriorates upon taking damage.


Message History

A gnoll is nearby!
The gnoll shouts!
You hear a shout!
A gnoll comes into view. It is wielding a +0 halberd.
The gnoll shouts!
A gnoll comes into view. It is wielding a +0 flail.
The gnoll shouts!
You hear a shout!
You scratch the gnoll.
The gnoll is moderately wounded.
A gnoll comes into view.
The gnoll hits you with a cursed +0 whip.
You barely miss the gnoll.
The gnoll is moderately wounded.
The gnoll hits you from afar with a +0 halberd!
Ouch! That really hurt!
The gnoll hits you with a cursed +0 whip.
* * * LOW HITPOINT WARNING * * *
You closely miss the gnoll.
The gnoll is moderately wounded.
The gnoll hits you from afar with a +0 halberd.
You die...

#.# #g# #.# #.# #g#
#.#######g# #
###...)....g###..#.
... .......# #@.......
#.. ...##.# #.###....
...# #..##.# #.# .
.#.# #..##.# #.#
..####..##.###.###..#
#.....................
#..###..######.###..##
#..# #..# #.# #
.##..###..######.#


You could see 4 gnolls.

Vanquished Creatures
  2 goblins (D:1)
  2 quokkas (D:1)
  4 bats
  2 frilled lizards (D:1)
  A kobold (D:1)
  A rat (D:1)
12 creatures vanquished.

Notes
Turn   | Place    | Note
-------+----------+-------------------------------------------
     0 | D:1      | Ebbett the Troll Berserker began the quest for the Orb.
     0 | D:1      | Reached XP level 1. HP: 22/22 MP: 0/0
   160 | D:1      | Reached XP level 2. HP: 21/29 MP: 1/1
   471 | D:1      | Gained mutation: Your body sometimes deteriorates upon
                  | taking damage. [potion of mutation]
   471 | D:1      | Gained mutation: You are partially covered in iridescent
                  | scales. (AC +2) [potion of mutation]
   471 | D:1      | Gained mutation: You are agile. (Dex +2) [potion of
                  | mutation]
   471 | D:1      | Gained mutation: You possess an exceptional clarity of
                  | mind. [potion of mutation]
   548 | D:1      | You fall into a shaft and drop 1 floor!
   600 | D:2      | Slain by a gnoll

Action                   || total
-------------------------++-------
Melee: Unarmed           ||    31
       Punch             ||     1
  Use: Potion            ||     3
       Scroll            ||     1
  Eat: Chunk             ||     6
Armor: Skin              ||    15
Dodge: Dodged            ||    16
